CCBL
YARMOUTH-DENNIS RED SOX @ COTUIT KETTLEERS
03/24/2060
 
TOP OF THE 1ST
Yarmouth-Dennis Red Sox batting - Pitching for Cotuit Kettleers : RHP R.J. Muse
Pitching: RHP R.J. Muse
Batting: RHB David Saur 0-0: Ball
1-0: Foul Ball, location: 2F
1-1: SINGLE (Groundball, 5S, EV 64.4 MPH) (infield hit)
Batting: LHB Sebastian Rogan 0-0: Swinging Strike
0-1: Ball
1-1: Called Strike
David Saur is caught stealing 2nd base 2-6
1-2: Strikes out swinging
Batting: LHB Alex Cain 0-0: Ball
1-0: Swinging Strike
1-1: Ball
2-1: Foul Ball, location: 2F
2-2: DOUBLE (Line Drive, 7LS, EV 105.6 MPH)
Batting: LHB Montell Johnson 0-0: Ball
1-0: SINGLE (Line Drive, 4MD, EV 95.6 MPH)
Alex Cain to third
Runner from 3rd tries for Home, SAFE, throw by CF to home
Montell Johnson to second
Batting: RHB Kevin Mills 0-0: Ball
1-0: Ball
2-0: Called Strike
2-1: SINGLE (Flyball, 9, EV 87.5 MPH)
Montell Johnson to third
Runner from 3rd tries for Home, SAFE, throw by RF to home
Batting: LHB Devin Chapman 0-0: Ball
1-0: Fly out, F1 (Line Drive, P, EV 67.5 MPH)
Top of the 1st over - 2 runs, 4 hits, 0 errors, 1 left on base; Yarmouth-Dennis 2 - Cotuit 0
BOTTOM OF THE 1ST
Cotuit Kettleers batting - Pitching for Yarmouth-Dennis Red Sox : RHP Peter Swoffer
Pitching: RHP Peter Swoffer
Batting: RHB Jared Sadler 0-0: Foul Ball, location: 2F
0-1: Swinging Strike
0-2: Ball
1-2: Ball
2-2: Strikes out swinging
Batting: LHB Loren Frank 0-0: Called Strike
0-1: Ball
1-1: Foul Ball, location: 2F
1-2: Ball
2-2: Strikes out swinging
Batting: RHB Tate Brown 0-0: Ball
1-0: Called Strike
1-1: Ground out 6-3 (Groundball, 56D, EV 107.5 MPH)
Bottom of the 1st over - 0 runs, 0 hits, 0 errors, 0 left on base; Yarmouth-Dennis 2 - Cotuit 0
TOP OF THE 2ND
Yarmouth-Dennis Red Sox batting - Pitching for Cotuit Kettleers : RHP R.J. Muse
Batting: RHB Aaron Hede 0-0: Ball
1-0: Called Strike
1-1: Ball
2-1: Ball
3-1: DOUBLE (Line Drive, 9LS, EV 101.9 MPH)
Batting: RHB Rob Stylianou 0-0: Swinging Strike
0-1: Called Strike
0-2: Ground out U3 (Groundball, 3L, EV 86.9 MPH)
Aaron Hede to third
Batting: RHB Lucas Plouffe 0-0: Ball
1-0: SINGLE (Line Drive, 8LS, EV 99.4 MPH)
Aaron Hede scores
Batting: RHB David Saur 0-0: Ball
1-0: Called Strike
Lucas Plouffe steals 2nd base
1-1: SINGLE (Line Drive, 6M, EV 97.5 MPH)
Lucas Plouffe to third
Batting: LHB Sebastian Rogan 0-0: 3-RUN HOME RUN (Flyball, 9D, EV 99.4 MPH), Distance : 381 ft
Batting: LHB Alex Cain 0-0: Ball
1-0: Ball
2-0: Called Strike
2-1: Ball
3-1: Foul Ball, location: 2F
3-2: DOUBLE (Line Drive, 9LM, EV 97.5 MPH)
Pitching: LHP Terrence Womack
Batting: LHB Montell Johnson 0-0: Called Strike
Alex Cain steals 3rd base
0-1: Ground out 6-3 (Groundball, 56, EV 105.0 MPH)
Alex Cain scores
Batting: RHB Kevin Mills 0-0: SINGLE (Line Drive, 34D, EV 105.6 MPH)
Batting: LHB Devin Chapman 0-0: Foul Ball, location: 2F
0-1: Ball
1-1: DOUBLE (Flyball, 8LXD, EV 111.9 MPH)
Kevin Mills to third
Runner from 3rd tries for Home, SAFE, throw by CF to home
Batting: RHB Aaron Hede 0-0: Called Strike
0-1: Called Strike
0-2: Foul Ball, location: 2F
0-2: Ball
1-2: Ball
2-2: Ball
3-2: Foul Ball, location: 2F
3-2: Strikes out swinging
Top of the 2nd over - 6 runs, 7 hits, 0 errors, 1 left on base; Yarmouth-Dennis 8 - Cotuit 0
BOTTOM OF THE 2ND
Cotuit Kettleers batting - Pitching for Yarmouth-Dennis Red Sox : RHP Peter Swoffer
Batting: RHB Kris Lingenfelter 0-0: Ground out 4-3 (Groundball, 4, EV 82.5 MPH)
Batting: LHB Landen Ostrander 0-0: Called Strike
0-1: Ball
1-1: Foul Ball, location: 2F
1-2: Ball
2-2: Strikes out looking
Batting: RHB Henry Barron 0-0: Ground out 5-3 (Groundball, 56, EV 86.2 MPH)
Bottom of the 2nd over - 0 runs, 0 hits, 0 errors, 0 left on base; Yarmouth-Dennis 8 - Cotuit 0
TOP OF THE 3RD
Yarmouth-Dennis Red Sox batting - Pitching for Cotuit Kettleers : LHP Terrence Womack
Batting: RHB Rob Stylianou 0-0: Called Strike
0-1: Foul Ball, location: 2F
0-2: Ball
1-2: Fly out, F4 (Line Drive, 4MD, EV 68.8 MPH)
Batting: RHB Lucas Plouffe 0-0: Ball
1-0: Foul Ball, location: 2F
1-1: Called Strike
1-2: Ball
2-2: Ball
3-2: SINGLE (Line Drive, 78M, EV 96.2 MPH)
Batting: RHB David Saur 0-0: Ball
Lucas Plouffe is caught stealing 2nd base 2-4
1-0: DOUBLE (Line Drive, 89D, EV 108.8 MPH)
Batting: LHB Sebastian Rogan 0-0: Called Strike
0-1: Ball
1-1: Foul Ball, location: 2F
1-2: Foul Ball, location: 2F
1-2: Ball
2-2: Ground out 4-3 (Groundball, 4, EV 88.1 MPH)
Top of the 3rd over - 0 runs, 2 hits, 0 errors, 1 left on base; Yarmouth-Dennis 8 - Cotuit 0
BOTTOM OF THE 3RD
Cotuit Kettleers batting - Pitching for Yarmouth-Dennis Red Sox : RHP Peter Swoffer
Batting: RHB Cody Hense 0-0: Ball
1-0: Ball
2-0: Called Strike
2-1: Ball
3-1: Base on Balls
Batting: RHB Devin Daniell 0-0: Swinging Strike
0-1: Ball
1-1: Ball
2-1: Called Strike
2-2: Ball
3-2: Base on Balls
Cody Hense to second
Batting: RHB Jamie Mays 0-0: Called Strike
0-1: Foul Ball, location: 2F
0-2: Ball
1-2: Foul Ball, location: 2F
1-2: Fly out, F9 (Flyball, 89M, EV 85.6 MPH)
Batting: RHB Jared Sadler 0-0: Ball
1-0: Ball
2-0: Ball
3-0: Called Strike
3-1: Called Strike
3-2: Grounds into double play, 5-4-3 (Groundball, 56S, EV 82.5 MPH)
Bottom of the 3rd over - 0 runs, 0 hits, 0 errors, 1 left on base; Yarmouth-Dennis 8 - Cotuit 0
TOP OF THE 4TH
Yarmouth-Dennis Red Sox batting - Pitching for Cotuit Kettleers : LHP Terrence Womack
Batting: LHB Alex Cain 0-0: Fly out, F7 (Line Drive, 78M, EV 93.1 MPH)
Batting: LHB Montell Johnson 0-0: Called Strike
0-1: Ball
1-1: Called Strike
1-2: Strikes out looking
Batting: RHB Kevin Mills 0-0: Called Strike
0-1: Swinging Strike
0-2: Ball
1-2: Strikes out swinging
Top of the 4th over - 0 runs, 0 hits, 0 errors, 0 left on base; Yarmouth-Dennis 8 - Cotuit 0
BOTTOM OF THE 4TH
Cotuit Kettleers batting - Pitching for Yarmouth-Dennis Red Sox : RHP Peter Swoffer
Batting: LHB Loren Frank 0-0: Called Strike
0-1: Fly out, F9 (Flyball, 9D, EV 106.2 MPH)
Batting: RHB Tate Brown 0-0: Swinging Strike
0-1: Foul Ball, location: 2F
0-2: Strikes out swinging
Batting: RHB Kris Lingenfelter 0-0: Ball
1-0: Called Strike
1-1: Called Strike
1-2: Foul Ball, location: 2F
1-2: Ball
2-2: Ball
3-2: Ground out 4-3 (Groundball, 4M, EV 75.6 MPH)
Bottom of the 4th over - 0 runs, 0 hits, 0 errors, 0 left on base; Yarmouth-Dennis 8 - Cotuit 0
TOP OF THE 5TH
Yarmouth-Dennis Red Sox batting - Pitching for Cotuit Kettleers : LHP Terrence Womack
Batting: LHB Devin Chapman 0-0: Called Strike
0-1: Ball
1-1: Ball
2-1: Called Strike
2-2: Fly out, F7 (Flyball, 7, EV 71.9 MPH)
Batting: RHB Aaron Hede 0-0: Ball
1-0: Ball
2-0: Ball
3-0: Called Strike
3-1: Ground out 5-3 (Groundball, 5S, EV 86.2 MPH)
Batting: RHB Rob Stylianou 0-0: Fly out, F7 (Flyball, 7S, EV 91.9 MPH)
Top of the 5th over - 0 runs, 0 hits, 0 errors, 0 left on base; Yarmouth-Dennis 8 - Cotuit 0
BOTTOM OF THE 5TH
Cotuit Kettleers batting - Pitching for Yarmouth-Dennis Red Sox : RHP Peter Swoffer
Batting: LHB Landen Ostrander 0-0: Ball
1-0: Called Strike
1-1: Foul Ball, location: 2F
1-2: Strikes out swinging
Batting: RHB Henry Barron 0-0: Swinging Strike
0-1: Ball
1-1: Ball
2-1: SINGLE (Line Drive, 8LS, EV 86.9 MPH)
Batting: RHB Cody Hense 0-0: Ball
1-0: Foul Ball, location: 2F
1-1: Ball
2-1: Foul Ball, location: 2F
2-2: Foul Ball, location: 2F
2-2: Foul Ball, location: 2F
2-2: Fly out, F7 (Line Drive, 78S, EV 86.2 MPH)
Batting: RHB Devin Daniell 0-0: Called Strike
0-1: 2-RUN HOME RUN (Flyball, 7D, EV 104.4 MPH), Distance : 417 ft
Batting: RHB Jamie Mays 0-0: Foul Ball, location: 2F
0-1: Fly out, F8 (Line Drive, 78D, EV 91.9 MPH)
Bottom of the 5th over - 2 runs, 2 hits, 0 errors, 0 left on base; Yarmouth-Dennis 8 - Cotuit 2
TOP OF THE 6TH
Yarmouth-Dennis Red Sox batting - Pitching for Cotuit Kettleers : LHP Terrence Womack
Batting: RHB Lucas Plouffe 0-0: Ball
1-0: Ground out 6-3 (Groundball, 6, EV 88.1 MPH)
Pitching: RHP Bernard Baumgard
Batting: RHB David Saur 0-0: Called Strike
0-1: Foul Ball, location: 2F
0-2: Foul Ball, location: 2F
0-2: Ground out 6-3 (Groundball, 6, EV 79.4 MPH)
Batting: LHB Sebastian Rogan 0-0: Ball
1-0: Called Strike
1-1: Ball
2-1: Swinging Strike
2-2: Foul Ball, location: 2F
2-2: Strikes out looking
Top of the 6th over - 0 runs, 0 hits, 0 errors, 0 left on base; Yarmouth-Dennis 8 - Cotuit 2
BOTTOM OF THE 6TH
Cotuit Kettleers batting - Pitching for Yarmouth-Dennis Red Sox : RHP Peter Swoffer
Batting: RHB Jared Sadler 0-0: Swinging Strike
0-1: Ball
1-1: Called Strike
1-2: Ground out 6-3 (Groundball, 6, EV 96.9 MPH)
Batting: LHB Loren Frank 0-0: Called Strike
0-1: Swinging Strike
0-2: Foul Ball, location: 2F
0-2: Ball
1-2: Foul Ball, location: 2F
1-2: Fly out, F9 (Flyball, 89S, EV 84.4 MPH)
Batting: RHB Tate Brown 0-0: Called Strike
0-1: Ball
1-1: Called Strike
1-2: Ball
2-2: Foul Ball, location: 2F
2-2: SINGLE (Line Drive, 56D, EV 110.0 MPH)
Pitching: RHP Robert Ashton
Batting: RHB Kris Lingenfelter 0-0: Called Strike
0-1: Ball
1-1: Foul Ball, location: 2F
1-2: Ball
2-2: Foul Ball, location: 2F
2-2: Ball
3-2: Foul Ball, location: 2F
3-2: Fly out, F8 (Flyball, 8RD, EV 95.6 MPH)
Bottom of the 6th over - 0 runs, 1 hit, 0 errors, 1 left on base; Yarmouth-Dennis 8 - Cotuit 2
TOP OF THE 7TH
Yarmouth-Dennis Red Sox batting - Pitching for Cotuit Kettleers : RHP Bernard Baumgard
Batting: LHB Alex Cain 0-0: Called Strike
0-1: Ground out 4-3 (Groundball, 4M, EV 82.5 MPH)
Batting: LHB Montell Johnson 0-0: Called Strike
0-1: Ball
1-1: Ball
2-1: Swinging Strike
2-2: Foul Ball, location: 2F
2-2: Foul Ball, location: 2F
2-2: Fly out, F9 (Line Drive, 9LS, EV 95.6 MPH)
Batting: RHB Kevin Mills 0-0: Called Strike
0-1: Foul Ball, location: 2F
0-2: Ball
1-2: Foul Ball, location: 2F
1-2: Ball
2-2: SINGLE (Line Drive, 4D, EV 108.8 MPH)
Batting: LHB Devin Chapman 0-0: Fly out, F7 (Flyball, 78M, EV 87.5 MPH)
Top of the 7th over - 0 runs, 1 hit, 0 errors, 1 left on base; Yarmouth-Dennis 8 - Cotuit 2
BOTTOM OF THE 7TH
Cotuit Kettleers batting - Pitching for Yarmouth-Dennis Red Sox : RHP Robert Ashton
Batting: LHB Landen Ostrander 0-0: Ground out 5-3 (Groundball, 56, EV 94.4 MPH)
Batting: RHB Henry Barron 0-0: Called Strike
0-1: Ball
1-1: Called Strike
1-2: Foul Ball, location: 2F
1-2: Ball
2-2: Foul Ball, location: 2F
2-2: Ball
3-2: Strikes out looking
Batting: RHB Cody Hense 0-0: Ball
1-0: Ground out U3 (Groundball, 3L, EV 82.5 MPH)
Bottom of the 7th over - 0 runs, 0 hits, 0 errors, 0 left on base; Yarmouth-Dennis 8 - Cotuit 2
TOP OF THE 8TH
Yarmouth-Dennis Red Sox batting - Pitching for Cotuit Kettleers : RHP Bernard Baumgard
Batting: RHB Aaron Hede 0-0: Swinging Strike
0-1: Called Strike
0-2: Ball
1-2: Foul Ball, location: 2F
1-2: Strikes out swinging
Batting: RHB Rob Stylianou 0-0: Foul Ball, location: 2F
0-1: Foul Ball, location: 2F
0-2: Fly out, F7 (Line Drive, 78S, EV 100.6 MPH)
Batting: RHB Lucas Plouffe 0-0: DOUBLE (Groundball, 5L, EV 100.6 MPH)
Batting: RHB David Saur 0-0: Called Strike
0-1: Ball
1-1: Ball
2-1: Ball
3-1: Called Strike
3-2: Foul Ball, location: 2F
3-2: Strikes out swinging
Top of the 8th over - 0 runs, 1 hit, 0 errors, 1 left on base; Yarmouth-Dennis 8 - Cotuit 2
BOTTOM OF THE 8TH
Cotuit Kettleers batting - Pitching for Yarmouth-Dennis Red Sox : RHP Robert Ashton
Batting: RHB Devin Daniell 0-0: Ball
1-0: Reached on error, E5 (Groundball, 5S, EV 90.6 MPH)
Pinch Hitting: LHB James Kitts 0-0: Foul Ball, location: 2F
0-1: Grounds into double play, 6-4-3 (Groundball, 6, EV 85.6 MPH)
Batting: RHB Jared Sadler 0-0: Ball
1-0: Called Strike
1-1: Ground out 6-3 (Groundball, 6, EV 85.6 MPH)
Bottom of the 8th over - 0 runs, 0 hits, 1 error, 0 left on base; Yarmouth-Dennis 8 - Cotuit 2
TOP OF THE 9TH
Yarmouth-Dennis Red Sox batting - Pitching for Cotuit Kettleers : RHP Bernard Baumgard
Now at SS: Brennan Kopec
Batting: LHB Sebastian Rogan 0-0: Ground out 4-3 (Groundball, 4, EV 91.2 MPH)
Batting: LHB Alex Cain 0-0: Called Strike
0-1: Ball
1-1: Foul Ball, location: 2F
1-2: Fly out, F7 (Flyball, 7D, EV 100.0 MPH)
Batting: LHB Montell Johnson 0-0: Ball
1-0: Ball
2-0: Called Strike
2-1: SINGLE (Line Drive, 7LS, EV 106.2 MPH)
Batting: RHB Kevin Mills 0-0: Foul Ball, location: 2F
0-1: Fly out, F9 (Line Drive, 9S, EV 90.6 MPH)
Top of the 9th over - 0 runs, 1 hit, 0 errors, 1 left on base; Yarmouth-Dennis 8 - Cotuit 2
BOTTOM OF THE 9TH
Cotuit Kettleers batting - Pitching for Yarmouth-Dennis Red Sox : RHP Robert Ashton
Batting: LHB Loren Frank 0-0: Called Strike
0-1: Foul Ball, location: 2F
0-2: Ball
1-2: Foul Ball, location: 2F
1-2: Foul Ball, location: 2F
1-2: Ball
2-2: Foul Ball, location: 2F
2-2: Ball
3-2: Strikes out looking
Batting: RHB Tate Brown 0-0: Ball
1-0: SOLO HOME RUN (Flyball, 78XD, EV 116.9 MPH), Distance : 451 ft
Batting: RHB Kris Lingenfelter 0-0: Foul Ball, location: 2F
0-1: SINGLE (Groundball, 6MD, EV 98.8 MPH)
Batting: LHB Landen Ostrander 0-0: Swinging Strike
0-1: Ball
1-1: Foul Ball, location: 2F
1-2: Foul Ball, location: 2F
1-2: Strikes out looking
Batting: RHB Henry Barron 0-0: Ball
1-0: Ball
2-0: Called Strike
2-1: Fielders Choice at 2nd, 5-4 (Groundball, 56, EV 84.4 MPH)
Bottom of the 9th over - 1 run, 2 hits, 0 errors, 1 left on base; Yarmouth-Dennis 8 - Cotuit 3
Wednesday, April 17th , 2024 - OOTP Baseball 23.10 Build 110